[Event "2026 European Womens Championship"]
[Site "Batumi, GE"]
[Date "2026.06.02"]
[Round "8"]
[White "Gaponenko, Inna"]
[Black "Zeliantsova, Kseniya"]
[Result "1-0"]
[Board "39"]
[TimeControl "5400+30"]
[WhiteFideId "14101181"]
[BlackFideId "13512617"]
[WhiteElo "2331"]
[BlackElo "2176"]
[WhiteTitle "IM"]
[BlackTitle "WFM"]
[WhiteClock "0:01:18"]
[BlackClock "0:02:06"]
[Variant "Standard"]
[Termination "forfeit"]

1. e4 c5 2. Nf3 Nc6 3. c3 d5 4. exd5 Qxd5 5. d4 Bf5 6. Be3 cxd4 7. Nxd4 Nf6 8. Na3 Nxd4 9. Qxd4 Qxd4 10. Bxd4 a6 11. O-O-O g6 12. Bd3 Bh6+ 13. Kc2 Bxd3+ 14. Rxd3 O-O 15. Re1 Rfe8 16. Bxf6 exf6 17. Rxe8+ Rxe8 18. Kd1 Bf8 19. Nc2 Bc5 20. f3 Re6 21. a4 Rd6 22. Kd2 Kf8 23. b4 Rxd3+ 24. Kxd3 Bg1 25. h3 Ke7 26. Ke4 Kd6 27. g4 Bh2 28. c4 b6 29. Nd4 Bg3 30. Nb3 Be1 31. c5+ Kc7 32. b5 axb5 33. axb5 bxc5 34. Nxc5 Kb6 35. Nd7+ Kxb5 36. Nxf6 Kc6 37. Nxh7 Kd6 38. f4 Ke6 39. Ng5+ Kf6 40. Nf3 Bb4 41. Nd4 Be1 42. Nc2 Bf2 43. Ne3 Kg7 44. Nd5 f6 45. f5 g5 46. Nb4 Kf7 47. Kd5 Be1 48. Nc2 Bg3 49. Kc6 Ke7 50. Ne3 Be5 51. Nd5+ Kd8 52. Nb6 Ke7 53. Nc8+ Kd8 54. Nd6 Ke7 55. Ne4 Bf4 56. Nc3 Be5 57. Ne2 Kd8 58. Ng1 Ke7 59. Nf3 Bg3 60. Kd5 Kd7 61. Nd4 Be5 62. Nc2 Bf4 63. Ne1 Bg3 64. Nd3 Bd6 65. Nb2 Bg3 66. Nc4 Bf2 67. Nd6 Be3 68. Ne4 Ke7 69. Kc6 Bf4 70. Nc3 Be5 71. Ne2 Kd8 72. Ng1 Ke7 73. Nf3 Bg3 74. Nd2 Bf4 75. Nc4 Bg3 76. Kd5 Kd7 77. Nb6+ Ke7 78. Ke4 Kd6 79. Nc4+ Ke7 80. Ne3 Kd6 81. Nc4+ Ke7 82. Kf3 Be1 83. Ne3 Kd6 84. Ng2 Bc3 85. Ke4 Ke7 86. Kd5 Bd2 87. h4 gxh4 88. Nxh4 Bg5 89. Ng6+ Kf7 90. Kd6 Bd2 91. Kd7 Bg5 92. Ne7 Bh4 93. Nc8 Kg7 94. Nd6 Be1 95. Ke6 Bc3 96. Ne8+ Kh6 97. Nxf6 Bb4 98. Ne4 Kg7 99. Nd6 Bd2 100. Nc4 Bc1 101. Ne5 Bg5 102. Nf3 Bc1 103. Ne5 Bg5 104. Nf7 Bc1 105. Nd6 Kh6 106. f6 Ba3 107. Nf5 Kg5 108. Ne7 Bb2 109. f7 Bg7 110. Nf5 Bf8 111. Kd7 1-0

[Event "2026 European Womens Championship"]
[Site "Batumi, GE"]
[Date "2026.06.02"]
[Round "8"]
[White "Peycheva, Gergana"]
[Black "Khukhashvili, Sopiko"]
[Result "1/2-1/2"]
[Board "40"]
[TimeControl "5400+30"]
[WhiteFideId "2916711"]
[BlackFideId "13602055"]
[WhiteElo "2186"]
[BlackElo "2329"]
[WhiteTitle "FM"]
[BlackTitle "IM"]
[WhiteClock "0:06:09"]
[BlackClock "0:33:31"]
[Variant "Standard"]

1. d4 Nf6 2. Nf3 e6 3. e3 c5 4. Bd3 b6 5. O-O Bb7 6. c4 Be7 7. Nc3 d5 8. cxd5 exd5 9. Bb5+ Bc6 10. Bxc6+ Nxc6 11. Ne5 Rc8 12. Qa4 Qc7 13. Rd1 O-O 14. Nxc6 Qxc6 15. Qxc6 Rxc6 16. dxc5 Rxc5 17. Bd2 Rfc8 18. Be1 h6 19. f3 b5 20. a3 a6 21. Rd3 Rc4 22. Rad1 b4 23. Nxd5 Nxd5 24. Rxd5 bxa3 25. bxa3 Bxa3 26. Rd8+ Rxd8 27. Rxd8+ Kh7 28. Ra8 Ra4 29. Bc3 Bc1 30. Bd4 Ra2 31. h4 a5 32. Ra7 f6 33. Kh2 Kg8 34. Ra8+ Kf7 35. Ra7+ Kg8 36. Ra8+ 1/2-1/2

[Event "2026 European Womens Championship"]
[Site "Batumi, GE"]
[Date "2026.06.02"]
[Round "8"]
[White "Gvetadze, Sofio"]
[Black "Jimenez Fernandez, Rebeca"]
[Result "1-0"]
[Board "41"]
[TimeControl "5400+30"]
[WhiteFideId "13601440"]
[BlackFideId "32070934"]
[WhiteElo "2311"]
[BlackElo "2166"]
[WhiteTitle "IM"]
[BlackTitle "WFM"]
[WhiteClock "0:13:54"]
[BlackClock "0:09:31"]
[Variant "Standard"]

1. e4 c6 2. d4 d5 3. exd5 cxd5 4. Bd3 Nc6 5. c3 Nf6 6. Bg5 Bg4 7. f3 Bh5 8. Ne2 Bg6 9. Nf4 e6 10. Nd2 Bd6 11. Qe2 Qc7 12. Qe3 Bxd3 13. Nxd3 Nd7 14. f4 O-O 15. O-O Rae8 16. Bh4 Na5 17. b3 f6 18. Kh1 b6 19. Bg3 Nb8 20. Rac1 Nbc6 21. c4 dxc4 22. bxc4 Qd7 23. Nf3 Ne7 24. Be1 Nac6 25. Bc3 Nf5 26. Qf2 Bc7 27. Rfd1 Rd8 28. Rd2 Nfxd4 29. Nxd4 Nxd4 30. Nb4 e5 31. Nd5 Bd6 32. Bxd4 exd4 33. Qxd4 Qg4 34. Rf1 Bc5 35. Qd3 Rfe8 36. h3 Qh5 37. Rdd1 Qh4 38. Qf5 Kf7 39. a4 g6 40. Qc2 f5 41. a5 Re4 42. axb6 axb6 43. Qb3 Re2 44. Ra1 Rde8 45. Ra7+ Kg8 46. Qc3 Be7 47. c5 bxc5 48. Qc4 Bd8 49. Ne7+ 1-0

[Event "2026 European Womens Championship"]
[Site "Batumi, GE"]
[Date "2026.06.02"]
[Round "8"]
[White "Charkhalashvili, Inga"]
[Black "Mgeladze, Kesaria"]
[Result "1-0"]
[Board "42"]
[TimeControl "5400+30"]
[WhiteFideId "13601431"]
[BlackFideId "13621130"]
[WhiteElo "2235"]
[BlackElo "2147"]
[WhiteTitle "WGM"]
[BlackTitle "WIM"]
[WhiteClock "0:13:32"]
[BlackClock "0:01:25"]
[Variant "Standard"]

1. d4 Nf6 2. Nf3 e6 3. g3 c5 4. Bg2 cxd4 5. Nxd4 d5 6. c4 e5 7. Nb3 d4 8. O-O Nc6 9. e3 d3 10. Nc3 Bg4 11. Qd2 a5 12. f4 e4 13. Qf2 Bf5 14. h3 h5 15. Nd4 Qd7 16. Nxf5 Qxf5 17. Nb5 O-O-O 18. Bd2 Rh6 19. a3 Rg6 20. b4 Be7 21. Bc3 Rh8 22. Bxf6 gxf6 23. Nc3 Rhg8 24. Nxe4 axb4 25. axb4 Bxb4 26. Rfb1 Kc7 27. Qf3 d2 28. Kh2 Rd8 29. Nc3 Qc8 30. Nd5+ 1-0

[Event "2026 European Womens Championship"]
[Site "Batumi, GE"]
[Date "2026.06.02"]
[Round "8"]
[White "Kirtadze, Anastasia"]
[Black "Golsta, Madara"]
[Result "1-0"]
[Board "43"]
[TimeControl "5400+30"]
[WhiteFideId "13622714"]
[BlackFideId "11607386"]
[WhiteElo "2233"]
[BlackElo "2023"]
[WhiteTitle "WIM"]
[WhiteClock "0:01:42"]
[BlackClock "0:01:35"]
[Variant "Standard"]

1. e4 e5 2. Nf3 Nc6 3. Nc3 Nf6 4. Nd5 Bc5 5. d3 Nxd5 6. exd5 Ne7 7. Nxe5 Nxd5 8. d4 Bd6 9. Bc4 Bxe5 10. dxe5 Nb4 11. a3 Nc6 12. Bf4 Qh4 13. Qd2 Nxe5 14. Bxe5 Qxc4 15. Bxg7 Rg8 16. Qg5 d6 17. O-O-O Be6 18. Rhe1 Qc5 19. Qf6 Kd7 20. Re5 Qc4 21. f4 Rxg7 22. Qxg7 Qxf4+ 23. Kb1 Re8 24. Ree1 Qxh2 25. Qg5 a6 26. Rh1 h6 27. Qg7 Qf4 28. Rxh6 Qc4 29. b3 Qe4 30. Kb2 b5 31. Rd3 b4 32. axb4 Qxb4 33. Rd4 Qc5 34. Rhh4 Rb8 35. Qg3 a5 36. Ra4 Qb5 37. Qc3 Qe2 38. Ka3 Rb6 39. Qb2 Rc6 40. c4 Qe1 41. Rh5 Ra6 42. Rb5 Ra8 43. Ka2 Re8 44. Qb1 Qd2+ 45. Ka3 Bg4 46. c5 Re1 47. Qb2 Qxb2+ 48. Kxb2 Re2+ 49. Kc3 Rxg2 50. cxd6 Kxd6 51. Raxa5 Be6 52. Ra6+ c6 53. Rb4 Kc5 54. Ra5+ Kd6 55. Rd4+ Kc7 56. Rd3 Kb6 57. b4 Ra2 58. Rc5 Ra3+ 59. Kd4 Ra4 60. Kc3 Ra3+ 61. Kd4 Ra4 62. Kc3 Ra3+ 63. Kd2 Ra2+ 64. Ke3 Rb2 65. Rd6 Rb3+ 66. Kd2 Rxb4 67. Rcxc6+ Kb7 68. Rc3 Rb6 69. Rd4 Rc6 70. Rcd3 Kc7 71. Ke3 Rb6 72. Ke4 Rb5 73. Rc3+ Kb7 74. Rd8 Rb4+ 75. Ke5 Rc4 76. Ra3 Kc7 77. Rda8 Rc5+ 78. Kf6 Kc6 79. R3a6+ Kd5 80. Rd8+ Ke4 81. Ra4+ Ke3 82. Ra3+ Ke4 83. Rh8 Rf5+ 84. Ke7 Rd5 85. Rh4+ Kf5 86. Rf3+ Kg5 87. Rh7 Rd7+ 88. Ke8 Kg6 89. Rh8 Rd5 90. Rg8+ Kh7 91. Rg1 Rh5 92. Kf8 Rh4 93. Rg7+ Kh6 94. Rfg3 Rc4 95. Rg1 Rc8+ 96. Ke7 Rc5 97. R7g2 Rh5 98. Rg8 Kh7 99. R1g7 Kh6 100. Kf8 1-0

[Event "2026 European Womens Championship"]
[Site "Batumi, GE"]
[Date "2026.06.02"]
[Round "8"]
[White "Mamedjarova, Turkan"]
[Black "Hariharan, Shambavi"]
[Result "1-0"]
[Board "44"]
[TimeControl "5400+30"]
[WhiteFideId "13402005"]
[BlackFideId "488160"]
[WhiteElo "2222"]
[BlackElo "2008"]
[WhiteTitle "WGM"]
[BlackTitle "WFM"]
[WhiteClock "0:04:13"]
[BlackClock "0:01:53"]
[Variant "Standard"]

1. d4 Nf6 2. Nf3 e6 3. Bf4 c5 4. c3 d5 5. e3 Bd6 6. Bg3 Qc7 7. Bd3 Nbd7 8. Nbd2 O-O 9. O-O e5 10. dxe5 Nxe5 11. Nxe5 Bxe5 12. f4 Bd6 13. c4 b5 14. b3 bxc4 15. bxc4 Ba6 16. Qc2 Rae8 17. Rae1 Kh8 18. cxd5 c4 19. Nxc4 Rc8 20. Rc1 Nxd5 21. Qe2 Bc5 22. Bf2 Nb4 23. Bf5 Rce8 24. Rfd1 Qe7 25. a3 Nc6 26. Qf3 Bb5 27. Qh3 g6 28. Bxg6 fxg6 29. Rd7 Qxd7 30. Qxd7 Nd4 31. Qg4 Nf5 32. Ne5 Nxe3 33. Nxg6+ hxg6 34. Qh3+ Kg8 35. Rxc5 Rxf4 36. Rc7 Rf7 37. Rxf7 Kxf7 38. Bxe3 Rf8 39. Qf3+ Kg7 40. Qb7+ 1-0

[Event "2026 European Womens Championship"]
[Site "Batumi, GE"]
[Date "2026.06.02"]
[Round "8"]
[White "Tirpan, Ceren"]
[Black "Nahapetyan, Ani"]
[Result "1-0"]
[Board "45"]
[TimeControl "5400+30"]
[WhiteFideId "26385309"]
[BlackFideId "13317776"]
[WhiteElo "2209"]
[BlackElo "1827"]
[WhiteTitle "WFM"]
[WhiteClock "0:16:52"]
[BlackClock "0:32:06"]
[Variant "Standard"]

1. e4 e6 2. d4 d5 3. e5 c5 4. c3 Nc6 5. Nf3 Bd7 6. Be2 Nge7 7. O-O Ng6 8. g3 f6 9. exf6 Qxf6 10. Bg5 Qf7 11. c4 cxd4 12. Nxd4 Bc5 13. Nb3 Be7 14. Be3 O-O 15. Nc3 dxc4 16. Qxd7 Nce5 17. Qxb7 cxb3 18. f4 Rab8 19. Qa6 Nd7 20. f5 Nc5 21. fxg6 Qxf1+ 22. Bxf1 Nxa6 23. gxh7+ Kxh7 24. Bxa6 Rf3 25. Bf4 Rb6 26. Be2 Bc5+ 27. Kh1 Rf2 28. Bd3+ Kg8 29. Nd1 Bd4 30. axb3 Rf3 31. Bc4 g5 32. Kg2 Rfxb3 33. Bxb3 gxf4 34. Bc4 fxg3 35. hxg3 Bxb2 36. Nxb2 Rxb2+ 37. Kf3 Rb7 38. Bxe6+ Kg7 39. Ra6 Rc7 40. Kf4 Re7 41. Kg5 Rc7 42. Bf5 Kh8 43. g4 Rg7+ 44. Kh6 Rh7+ 45. Kg5 Rg7+ 46. Rg6 Rb7 47. Rh6+ Kg8 48. Be6+ Kg7 49. Rg6+ Kh8 50. Kf6 Kh7 51. g5 1-0

[Event "2026 European Womens Championship"]
[Site "Batumi, GE"]
[Date "2026.06.02"]
[Round "8"]
[White "Huseynova, Lala"]
[Black "Bashylina, Luisa"]
[Result "0-1"]
[Board "46"]
[TimeControl "5400+30"]
[WhiteFideId "13431781"]
[BlackFideId "12983292"]
[WhiteElo "2149"]
[BlackElo "2208"]
[WhiteTitle "WFM"]
[BlackTitle "WFM"]
[WhiteClock "0:04:02"]
[BlackClock "0:04:20"]
[Variant "Standard"]

1. e4 c5 2. Nf3 a6 3. c3 d5 4. exd5 Qxd5 5. Be2 e6 6. O-O Nf6 7. d4 Nc6 8. Be3 cxd4 9. Nxd4 Nxd4 10. Qxd4 Be7 11. Bf3 Qf5 12. Qf4 Qxf4 13. Bxf4 Nd7 14. Re1 Nc5 15. Bg3 f6 16. b4 Na4 17. Bd1 Nb6 18. Bb3 Kf7 19. Nd2 Rd8 20. Nf3 Nd5 21. Rac1 Bd7 22. a3 Rac8 23. c4 Nc7 24. Rcd1 Kf8 25. c5 e5 26. Nd2 Nb5 27. Nc4 Be6 28. f4 Nd4 29. Ba2 Ne2+ 30. Kf2 Rxd1 31. Rxe2 Bxc4 32. Bxc4 Rd4 33. Be6 Rc6 34. f5 a5 35. Ke1 axb4 36. Bf2 bxa3 37. Bxd4 exd4 38. Kd2 Bxc5 39. Kd3 b5 40. Bd7 Rb6 41. Re8+ Kf7 42. Rc8 Bd6 43. Kxd4 Ke7 44. Be6 Be5+ 45. Kd5 a2 46. Rg8 Rd6+ 47. Kc5 Rxe6 48. Rxg7+ Kf8 49. Ra7 a1=Q 50. Rxa1 Bxa1 51. fxe6 Ke7 52. Kxb5 Kxe6 53. Kc4 Be5 54. g3 Kf5 0-1

[Event "2026 European Womens Championship"]
[Site "Batumi, GE"]
[Date "2026.06.02"]
[Round "8"]
[White "Mkrtchyan, Anahit H."]
[Black "Antova, Gabriela"]
[Result "0-1"]
[Board "47"]
[TimeControl "5400+30"]
[WhiteFideId "13314858"]
[BlackFideId "2915235"]
[WhiteElo "2107"]
[BlackElo "2203"]
[BlackTitle "WGM"]
[WhiteClock "0:00:39"]
[BlackClock "0:13:36"]
[Variant "Standard"]

1. e4 e5 2. Nf3 Nc6 3. Bb5 a6 4. Ba4 d6 5. O-O Bd7 6. c3 g6 7. d4 Bg7 8. Re1 Nf6 9. d5 Ne7 10. Bxd7+ Nxd7 11. c4 h6 12. Nc3 f5 13. b4 O-O 14. a4 f4 15. Ba3 g5 16. Nd2 Ng6 17. c5 Nf6 18. b5 Rf7 19. Qb3 Bf8 20. cxd6 cxd6 21. b6 g4 22. Nd1 f3 23. Ne3 fxg2 24. Nf5 Nf4 25. Bxd6 Bxd6 26. Nxh6+ Kg7 27. Nxf7 Kxf7 28. Nc4 Nh7 29. Re3 Ng5 30. Rc1 Kf6 31. Nxd6 Qxd6 32. Rc7 Ngh3+ 33. Rxh3 gxh3 34. Rc2 Rc8 35. Qg3 Ne2+ 0-1

[Event "2026 European Womens Championship"]
[Site "Batumi, GE"]
[Date "2026.06.02"]
[Round "8"]
[White "Rodriguez Redondo, Adhara"]
[Black "Nadanyan, Kiti"]
[Result "0-1"]
[Board "48"]
[TimeControl "5400+30"]
[WhiteFideId "32065698"]
[BlackFideId "13316710"]
[WhiteElo "2200"]
[BlackElo "1801"]
[WhiteTitle "WFM"]
[WhiteClock "0:29:12"]
[BlackClock "0:28:30"]
[Variant "Standard"]

1. e4 c6 2. d4 d5 3. e5 c5 4. dxc5 e6 5. Nf3 Bxc5 6. Bd3 Nc6 7. O-O Nge7 8. c3 Ng6 9. Re1 O-O 10. b4 Bb6 11. b5 Na5 12. Ng5 h6 13. Nf3 Bc5 14. Qc2 Qb6 15. Re2 Bd7 16. a4 Be8 17. Be3 Rc8 18. Nbd2 Qc7 19. Bxg6 fxg6 20. Nd4 Bf7 21. Qd3 g5 22. Ree1 Be7 23. Rac1 Nc4 24. Nxc4 Qxc4 25. Qd1 Ba3 26. Rc2 Rfe8 27. h4 Bg6 28. Rd2 Qxc3 29. hxg5 h5 30. Ne2 Qxe5 31. Qb3 Bf8 32. Nf4 Bf5 33. Nxh5 Rc4 34. Ng3 Bb4 35. Rde2 Bxe1 36. Rxe1 Bc2 37. Qa2 Rec8 38. Bd2 Qd4 39. Be3 Qc3 40. Rc1 Rxa4 41. Qxa4 Bxa4 42. Rxc3 Rxc3 43. Ne2 Rc4 44. Bxa7 Bxb5 45. Nd4 Bd7 46. f4 b5 47. Kf2 b4 48. Ke2 Ba4 49. Nxe6 Re4+ 0-1

[Event "2026 European Womens Championship"]
[Site "Batumi, GE"]
[Date "2026.06.02"]
[Round "8"]
[White "Venskaya, Nika"]
[Black "Maisuradze, Nino"]
[Result "1-0"]
[Board "49"]
[TimeControl "5400+30"]
[WhiteFideId "13523503"]
[BlackFideId "13601717"]
[WhiteElo "1937"]
[BlackElo "2198"]
[WhiteTitle "WCM"]
[BlackTitle "WGM"]
[WhiteClock "0:01:35"]
[BlackClock "0:00:48"]
[Variant "Standard"]

1. d4 Nf6 2. c4 c5 3. d5 e6 4. Nc3 exd5 5. cxd5 d6 6. e4 g6 7. f4 Bg7 8. Bb5+ Nfd7 9. a4 O-O 10. Nf3 Na6 11. O-O Nb4 12. Re1 a6 13. Bf1 Re8 14. h3 f5 15. Bd2 h6 16. Qb3 b6 17. g3 Ra7 18. Kh2 Kh8 19. Bg2 Nd3 20. Re3 Rc7 21. Nh4 Nf8 22. Qxb6 Nb4 23. Rc1 Bd4 24. Re2 Nd3 25. Rf1 Rb7 26. Qxd8 Rxd8 27. Bc1 Rb3 28. Rd1 c4 29. e5 Bxc3 30. bxc3 Rb1 31. e6 Re8 32. Rc2 Bb7 33. g4 fxg4 34. hxg4 Nxf4 35. Rd4 Nxg2 36. Nxg2 g5 37. Ba3 Nxe6 38. dxe6 Rxe6 39. Bxd6 Bxg2 40. Kxg2 Ree1 41. Bh2 1-0

[Event "2026 European Womens Championship"]
[Site "Batumi, GE"]
[Date "2026.06.02"]
[Round "8"]
[White "Urh, Zala"]
[Black "Lomaia, Diana"]
[Result "1/2-1/2"]
[Board "50"]
[TimeControl "5400+30"]
[WhiteFideId "14611481"]
[BlackFideId "13612476"]
[WhiteElo "2263"]
[BlackElo "2110"]
[WhiteTitle "WIM"]
[BlackTitle "WFM"]
[WhiteClock "0:05:52"]
[BlackClock "0:03:57"]
[Variant "Standard"]

1. d4 Nf6 2. c4 e6 3. Nf3 b6 4. g3 Ba6 5. b3 Bb4+ 6. Bd2 Be7 7. Nc3 d5 8. cxd5 exd5 9. Bg2 O-O 10. O-O Bb7 11. Ne5 Nbd7 12. a4 c5 13. Bf4 cxd4 14. Nb5 a6 15. Nxd4 Nxe5 16. Bxe5 Bd6 17. Bxd6 Qxd6 18. Qd3 Ne4 19. Rfd1 Qf6 20. Qf3 Qxf3 21. Bxf3 g6 22. Nc2 Rfd8 23. Rd4 Nc5 24. Rb1 Ne6 25. Rd2 Ng5 26. Bg2 Ne4 27. Rd4 Nc3 28. Re1 Rac8 29. Ne3 Kf8 30. Bf3 Ba8 31. Kg2 Rc5 32. h4 a5 33. h5 b5 34. hxg6 hxg6 35. Rh1 bxa4 36. bxa4 Bc6 37. Ra1 Rb8 38. Ra3 Rb1 39. Rd3 Ne4 40. Rdb3 Rxb3 41. Rxb3 Nc3 42. Ra3 d4 43. Bxc6 Rxc6 44. Ng4 Nxe2 45. Ne5 Rc3 46. Ra2 Nc1 47. Rd2 Nb3 48. Rd1 Kg7 49. Kf1 Kf6 50. Nd3 Ke6 51. Re1+ Kd6 52. Ne5 Rc7 53. f4 Nd2+ 54. Ke2 Nb3 55. Rb1 Rc3 56. Nxf7+ Ke6 57. Ne5 Rxg3 58. Nxg6 Kf5 59. Ne5 Re3+ 60. Kd1 Kxf4 61. Nc4 Rd3+ 62. Ke2 Rc3 63. Nd2 Re3+ 64. Kd1 Nc5 65. Rb5 Nxa4 66. Rxa5 Nc3+ 67. Kc2 Ne4 68. Nxe4 Kxe4 69. Ra8 Re2+ 70. Kd1 Rh2 71. Ra3 Kd5 72. Rg3 Kc4 73. Rf3 Rg2 74. Rh3 Rb2 75. Rg3 Rb3 76. Rxb3 Kxb3 77. Kd2 Kc4 78. Kc2 d3+ 79. Kd2 Kd4 80. Kd1 Ke3 81. Ke1 d2+ 82. Kd1 1/2-1/2

[Event "2026 European Womens Championship"]
[Site "Batumi, GE"]
[Date "2026.06.02"]
[Round "8"]
[White "Szczotka, Klara"]
[Black "Aghaverdiyeva, Maryam"]
[Result "1-0"]
[Board "51"]
[TimeControl "5400+30"]
[WhiteFideId "21858845"]
[BlackFideId "13452509"]
[WhiteElo "2241"]
[BlackElo "2103"]
[WhiteTitle "WFM"]
[BlackTitle "WFM"]
[WhiteClock "0:15:23"]
[BlackClock "0:19:44"]
[Variant "Standard"]

1. d4 d5 2. c4 c6 3. Nf3 Nf6 4. Nc3 e6 5. e3 Nbd7 6. Qc2 Bd6 7. Bd3 O-O 8. O-O dxc4 9. Bxc4 b5 10. Be2 Bb7 11. Rd1 Qb8 12. h3 b4 13. Na4 c5 14. Nxc5 Rc8 15. b3 Nxc5 16. dxc5 Rxc5 17. Bc4 Qc7 18. Bb2 Bxf3 19. gxf3 Rg5+ 20. Kf1 Rh5 21. Bxf6 gxf6 22. Qe4 Rd8 23. f4 Kf8 24. Rac1 Qb6 25. Be2 Ra5 26. Rc6 Qb8 27. Qxh7 Ke7 28. Qc2 Qb7 29. Rdxd6 Rxd6 30. Rc7+ Rd7 31. Rxb7 Rxb7 32. h4 Rd7 33. h5 Rad5 34. Bf3 R5d6 35. h6 Kf8 36. Qh7 Rd8 37. Qg7+ Ke7 38. h7 a5 39. h8=Q Rxh8 40. Qxh8 Rd2 41. Qc8 1-0

[Event "2026 European Womens Championship"]
[Site "Batumi, GE"]
[Date "2026.06.02"]
[Round "8"]
[White "Peglau, Charis"]
[Black "Buyuk, Ecrin Efsa"]
[Result "1-0"]
[Board "52"]
[TimeControl "5400+30"]
[WhiteFideId "16219996"]
[BlackFideId "44505175"]
[WhiteElo "2238"]
[BlackElo "2076"]
[WhiteTitle "WFM"]
[BlackTitle "WFM"]
[WhiteClock "0:06:08"]
[BlackClock "0:01:03"]
[Variant "Standard"]

1. d4 d5 2. c4 c6 3. Nf3 Nf6 4. Nc3 e6 5. e3 Bd6 6. b3 Nbd7 7. Bd3 O-O 8. Bb2 Re8 9. Qc2 e5 10. cxd5 cxd5 11. dxe5 Nxe5 12. O-O-O Nxd3+ 13. Qxd3 Bg4 14. Kb1 Bh5 15. Qd4 Bg6+ 16. Ka1 Be4 17. Nxe4 Rxe4 18. Qd3 Qe7 19. Ng5 Rg4 20. Qf5 Ba3 21. Bxa3 Qxa3 22. Nxh7 Rg6 23. Nxf6+ Rxf6 24. Qc2 a5 25. Rxd5 a4 26. Rhd1 g6 27. bxa4 Rxa4 28. R5d3 Qb4 29. Rd4 Rxa2+ 30. Qxa2 Qc5 31. Qb2 Ra6+ 32. Kb1 Kh7 33. Rh4+ Kg8 34. Rh8# 1-0

[Event "2026 European Womens Championship"]
[Site "Batumi, GE"]
[Date "2026.06.02"]
[Round "8"]
[White "Rodshtein, Tereza"]
[Black "Dimitrijevic, Aleksandra"]
[Result "0-1"]
[Board "53"]
[TimeControl "5400+30"]
[WhiteFideId "325449"]
[BlackFideId "929239"]
[WhiteElo "2218"]
[BlackElo "2059"]
[WhiteTitle "WGM"]
[BlackTitle "WGM"]
[WhiteClock "0:09:32"]
[BlackClock "0:11:02"]
[Variant "Standard"]

1. e4 c5 2. Nf3 e6 3. d4 cxd4 4. Nxd4 Nc6 5. Nc3 d6 6. Be3 Nge7 7. f4 a6 8. g4 h6 9. Qf3 Nxd4 10. Bxd4 Nc6 11. Be3 Qc7 12. O-O-O b5 13. Kb1 Bb7 14. Qf2 Rc8 15. h4 Be7 16. Bg2 Bf6 17. e5 dxe5 18. g5 Be7 19. f5 Nd8 20. Bb6 Qb8 21. f6 gxf6 22. gxf6 Bb4 23. Qd2 Bd5 24. Be3 Bxc3 25. bxc3 Qb7 26. Rhg1 e4 27. Rde1 Qc6 28. Bd4 Qc4 29. Kc1 Qxa2 30. Qf4 Nc6 31. Qd6 Rd8 32. Qc5 Rg8 33. Bh3 Rxg1 34. Rxg1 Qa1+ 35. Kd2 e3+ 36. Bxe3 Bf3+ 37. Bd4 Qxg1 0-1

[Event "2026 European Womens Championship"]
[Site "Batumi, GE"]
[Date "2026.06.02"]
[Round "8"]
[White "Khurtsilava, Inga"]
[Black "Tsiganova, Monika"]
[Result "1-0"]
[Board "54"]
[TimeControl "5400+30"]
[WhiteFideId "13600419"]
[BlackFideId "4500199"]
[WhiteElo "2175"]
[BlackElo "2039"]
[WhiteTitle "WGM"]
[BlackTitle "WIM"]
[WhiteClock "0:28:17"]
[BlackClock "0:01:53"]
[Variant "Standard"]

1. Nf3 Nf6 2. d4 g6 3. c4 Bg7 4. Nc3 O-O 5. e4 d6 6. h3 Nbd7 7. Be3 e5 8. d5 a6 9. g4 Ne8 10. Bd3 Nc5 11. Bc2 a5 12. Qd2 Bd7 13. O-O-O a4 14. Rdg1 f6 15. h4 Qc8 16. Nh2 Rf7 17. f3 b5 18. cxb5 Qb8 19. h5 g5 20. h6 Bf8 21. Nf1 Bxb5 22. Nxb5 Qxb5 23. Qc3 c6 24. Bxc5 Qxc5 25. Qxc5 dxc5 26. Ne3 c4 27. Nxc4 Bc5 28. Rd1 cxd5 29. Rxd5 Rc7 30. b3 Bd4 31. Kd2 Kf7 32. Kd3 Ra6 33. bxa4 Rxc4 34. Kxc4 Rc6+ 35. Kd3 Rc3+ 36. Kd2 Ke7 37. Bd3 Ra3 38. Rc1 Rxa2+ 39. Rc2 Rxa4 40. Bb5 Ra3 41. Rd7+ Kf8 42. Rd8 Rxf3 43. Rc7 1-0

[Event "2026 European Womens Championship"]
[Site "Batumi, GE"]
[Date "2026.06.02"]
[Round "8"]
[White "Shuqja, Klean"]
[Black "Starosta, Martyna"]
[Result "0-1"]
[Board "55"]
[TimeControl "5400+30"]
[WhiteFideId "4701585"]
[BlackFideId "21818754"]
[WhiteElo "2092"]
[BlackElo "2175"]
[WhiteTitle "WFM"]
[BlackTitle "WIM"]
[WhiteClock "0:22:17"]
[BlackClock "0:29:57"]
[Variant "Standard"]

1. e4 e6 2. d3 c5 3. Nf3 Nc6 4. g3 g6 5. Bg2 Bg7 6. O-O Nge7 7. Re1 d6 8. c3 e5 9. Be3 O-O 10. Qd2 b6 11. Na3 d5 12. exd5 Nxd5 13. Bh6 Re8 14. Bxg7 Kxg7 15. c4 Nc7 16. Nb5 Bg4 17. Ng5 Nxb5 18. cxb5 Nd4 19. h3 Bd7 20. Nf3 Nxf3+ 21. Bxf3 Rc8 22. a4 Bxh3 23. Qc3 Qf6 24. Re3 Rcd8 25. Bc6 Bd7 26. Bxd7 Rxd7 27. Rae1 Rd4 28. a5 Qd6 29. f4 f6 30. axb6 axb6 31. Qa3 Re7 32. fxe5 fxe5 33. Qc3 Rf7 34. Kg2 Rf5 35. Rf1 Qd5+ 36. Kg1 Rxf1+ 37. Kxf1 Kf6 38. Kf2 Rb4 39. Rf3+ Ke6 40. Re3 Qd4 41. Qxd4 cxd4 42. Re2 Rxb5 43. Kf3 Kd5 44. Kg4 Rb3 45. Rd2 e4 46. dxe4+ Kxe4 47. Re2+ Re3 48. Rc2 h5 49. Kh4 d3 50. Rc6 d2 0-1

[Event "2026 European Womens Championship"]
[Site "Batumi, GE"]
[Date "2026.06.02"]
[Round "8"]
[White "Odisharia, Teona"]
[Black "Tsirulnik, Maritsa"]
[Result "1-0"]
[Board "56"]
[TimeControl "5400+30"]
[WhiteFideId "13602322"]
[BlackFideId "14118688"]
[WhiteElo "2167"]
[BlackElo "2028"]
[WhiteTitle "WFM"]
[BlackTitle "WFM"]
[WhiteClock "0:15:11"]
[BlackClock "0:07:06"]
[Variant "Standard"]

1. e4 c5 2. Nf3 e6 3. d4 cxd4 4. Nxd4 Nc6 5. Nc3 Qc7 6. Be3 a6 7. Qd2 Nf6 8. O-O-O Bb4 9. f3 Ne7 10. Nde2 b5 11. Bg5 h6 12. Bxf6 gxf6 13. Qd4 Bxc3 14. Nxc3 Qe5 15. Qe3 Bb7 16. Kb1 h5 17. Bd3 Bc6 18. Rhe1 d6 19. f4 Qc5 20. Qg3 Rg8 21. Qh3 a5 22. e5 fxe5 23. fxe5 d5 24. Qxh5 Rxg2 25. Rf1 Ng6 26. Qf3 b4 27. Ne2 Rxe2 28. Qxf7+ Kd8 29. Bxe2 Nxe5 30. Qf6+ 1-0

[Event "2026 European Womens Championship"]
[Site "Batumi, GE"]
[Date "2026.06.02"]
[Round "8"]
[White "Tashkinova, Sofiia"]
[Black "Berke, Ana"]
[Result "1-0"]
[Board "57"]
[TimeControl "5400+30"]
[WhiteFideId "14188309"]
[BlackFideId "14510359"]
[WhiteElo "2085"]
[BlackElo "2164"]
[WhiteTitle "WFM"]
[BlackTitle "WIM"]
[WhiteClock "0:13:06"]
[BlackClock "0:05:50"]
[Variant "Standard"]

1. e4 c5 2. Nf3 g6 3. c4 Nc6 4. d4 cxd4 5. Nxd4 d6 6. Nc3 Nf6 7. f3 Nxd4 8. Qxd4 Bg7 9. Be3 O-O 10. Qd2 a5 11. g4 Be6 12. h4 Nd7 13. Be2 Ne5 14. Nd5 a4 15. Bh6 Bxd5 16. exd5 Qa5 17. Bxg7 Kxg7 18. f4 Nd7 19. Qxa5 Ra7 20. Qa6 Rxa6 21. Kd2 Ra5 22. Rad1 Nc5 23. Rde1 Rc8 24. Bf1 Rc7 25. h5 Ra8 26. Rh3 Na6 27. h6+ Kf8 28. f5 Rac8 29. fxg6 hxg6 30. g5 b5 31. Rf3 Kg8 32. Bh3 Rf8 33. Be6 Nc5 34. cxb5 Rb7 35. Kc1 Rxb5 36. Ref1 Nxe6 37. dxe6 Rxg5 38. Rxf7 Rc8+ 39. Kb1 a3 40. Rxe7 Rh5 41. Rg7+ Kh8 42. e7 Rxh6 43. Rgf7 1-0

[Event "2026 European Womens Championship"]
[Site "Batumi, GE"]
[Date "2026.06.02"]
[Round "8"]
[White "Mamedjarova, Zeinab"]
[Black "Radikovic, Anamarija"]
[Result "1-0"]
[Board "58"]
[TimeControl "5400+30"]
[WhiteFideId "13401521"]
[BlackFideId "14546264"]
[WhiteElo "2137"]
[BlackElo "1974"]
[WhiteTitle "WGM"]
[BlackTitle "WFM"]
[WhiteClock "0:08:45"]
[BlackClock "0:00:55"]
[Variant "Standard"]

1. d4 Nf6 2. Bg5 c5 3. d5 Ne4 4. Bc1 e6 5. c4 g6 6. g3 Bg7 7. Bg2 Qa5+ 8. Nd2 Nd6 9. Qc2 exd5 10. cxd5 Na6 11. a3 c4 12. Kf1 Nb4 13. Qb1 Nxd5 14. Nxc4 Nxc4 15. Qe4+ Ne7 16. Qxc4 O-O 17. h4 d5 18. Qb3 Be6 19. Nf3 d4 20. Qd1 Qb6 21. h5 Bb3 22. Qd3 Rac8 23. hxg6 fxg6 24. Bg5 Bc4 25. Qd2 Nf5 26. Rc1 Nd6 27. Rh4 Nf5 28. Rh1 Ba6 29. Rxc8 Rxc8 30. Ne1 Qb5 31. Nd3 Re8 32. a4 Qxa4 33. Bd5+ Kh8 34. Nf4 Bxe2+ 35. Nxe2 Qb5 36. Bf3 d3 37. Nc3 Qc4 38. Kg2 Nd4 39. Qf4 Rf8 40. Rxh7+ 1-0